 Dungeon Crawl Stone Soup version 0.21.1-1-g345015f (webtiles) character file.

24 Monsterracer the Grave Robber (level 2, 0/20 HPs)
             Began as a Demigod Necromancer on May 11, 2018.
             Slain by Sigmund
             ... wielding a +0 scythe
              (3 damage)
             ... on level 2 of the Dungeon.
             The game lasted 00:01:16 (1290 turns).

Monsterracer the Grave Robber (Demigod Necromancer) Turns: 1290, Time: 00:01:16

Health: 0/20       AC:  2    Str: 11    XL:     2   Next: 60%
Magic:  4/7        EV: 12    Int: 19    God:
Gold:   82         SH:  0    Dex: 16    Spells: 4/5 levels left

rFire    . . .     SeeInvis .   f - +0 short sword
rCold    . . .     Gourm    .   (no shield)
rNeg     . . .     Faith    .   a - +0 robe
rPois    .         Spirit   .   (no helmet)
rElec    .         Reflect  .   (no cloak)
rCorr    .         Harm     .   (no gloves)
MR       .....                  (no boots)
Stlth    +.........             (no amulet)
HPRegen  0.06/turn              (no ring)
MPRegen  0.10/turn              (no ring)

@: confused
A: high mp 1
a: no special abilities


You were on level 2 of the Dungeon.
You were not hungry.

You visited 1 branch of the dungeon, and saw 2 of its levels.

You collected 82 gold pieces.

Inventory:

Hand Weapons
 f - a +0 short sword (weapon)
Armour
 a - a +0 robe (worn)
Scrolls
 d - 2 scrolls of remove curse {unknown}
 e - a scroll of teleportation {unknown}
 g - 2 scrolls of enchant weapon {unknown}
 h - a scroll of enchant armour {unknown}
 i - a scroll of noise {unknown}
 k - a scroll of identify {unknown}
Potions
 j - 2 potions of haste {unknown}
Books
 b - a book of Necromancy

   Spells                             Type                      Level
   a - Pain                           Necromancy                   1
   b - Animate Skeleton               Necromancy                   1
   c - Vampiric Draining              Necromancy                   3
   d - Regeneration                   Charms/Necromancy            3
   e - Animate Dead                   Necromancy                   4
   f - Borgnjor's Vile Clutch         Necromancy/Earth             5
Comestibles
 c - 2 rations


   Skills:
 - Level 1.7 Dodging
 - Level 1.7 Stealth
 + Level 2.1 Spellcasting
 * Level 4.2 Necromancy


You had 4 spell levels left.
You knew the following spells:

 Your Spells              Type           Power        Failure   Level  Hunger
a - Pain                  Necr           ###.         3%          1    #......


Dungeon Overview and Level Annotations

Branches:
Dungeon (2/15)

Annotations:
D:2 Sigmund


Innate Abilities, Weirdness & Mutations

You have an increased reservoir of magic. (+10% MP)


Message History

Casting: Pain
Confirm with . or Enter, or press ? or * to list all spells.
Aiming: Pain
Press: ? - help, Shift-Dir - straight line, f - rat
Aim: a rat (hasn't noticed you, chance to defeat MR: 89%)
You miscast Pain.
You are very lightly contaminated with residual magic.
You smell decay.
You now have 6/7 mp.
Casting: Pain
Confirm with . or Enter, or press ? or * to list all spells.
Aiming: Pain
Press: ? - help, Shift-Dir - straight line, f/p - rat
Aim: a rat (chance to defeat MR: 89%)
The rat writhes in agony!
You kill the rat!
You take 1 damage, and have 19/20 hp.
You now have 5/7 mp.
Your magical contamination has completely faded away.
Found 4 large rocks.
Health restored: 20; MP restored: 7 You open the door.
Found a stone staircase leading down.
Found a scale mail.
There is an open door here.
A bat comes into view.
Found 4 gold pieces and 25 sling bullets.
Casting: Pain
Confirm with . or Enter, or press ? or * to list all spells.
You can't see any susceptible monsters within range! (Use Z to cast anyway.)
Casting: Pain
Confirm with . or Enter, or press ? or * to list all spells.
Aiming: Pain
Press: ? - help, Shift-Dir - straight line, f - bat
Aim: a bat (resting, chance to defeat MR: 89%)
The bat writhes in agony!
You kill the bat!
You take 1 damage, and have 19/20 hp.
You now have 6/7 mp.
Casting: Pain
Confirm with . or Enter, or press ? or * to list all spells.
You can't see any susceptible monsters within range! (Use Z to cast anyway.) Unknown command.
You now have 65 gold pieces (gained 4).
j - 2 silvery potions Health restored: 20; MP restored: 7 You see here 17 stones.
You see here a stone.
You see here a dagger.
Key pressed, stopping explore.
You see here a robe.
You now have 82 gold pieces (gained 17).
k - a scroll labeled LAYCATS DOPTUY Done exploring.
Done exploring.
You see here a whip.
There is a stone staircase leading down here.
You climb downwards.
A quokka and Sigmund come into view.
Sigmund shouts!
There is a stone staircase leading up here.
There are monsters nearby!
Casting: Pain
Confirm with . or Enter, or press ? or * to list all spells.
Aiming: Pain
Press: ? - help, Shift-Dir - straight line, f - Sigmund
Aim: Sigmund, wielding a scythe and wearing a robe (chance to defeat MR: 84%) Sigmund barely resists.
You take 1 damage, and have 19/20 hp.
You now have 6/7 mp.
Casting: Pain
Confirm with . or Enter, or press ? or * to list all spells.
Aiming: Pain
Press: ? - help, Shift-Dir - straight line, f/p - Sigmund
Aim: Sigmund, wielding a scythe and wearing a robe (chance to defeat MR: 84%) Sigmund writhes in agony!
You take 1 damage, and have 18/20 hp.
You now have 5/7 mp.
Casting: Pain
Confirm with . or Enter, or press ? or * to list all spells.
Aiming: Pain
Press: ? - help, Shift-Dir - straight line, f/p - Sigmund
Aim: Sigmund, wielding a scythe and wearing a robe (lightly wounded, chance to defeat MR: 84%) Sigmund barely resists.
Sigmund breathes a few words.
Sigmund's hands start flickering wildly.
Sigmund casts a spell at you.
You are confused.
The quokka bites you but does no damage.
You take 1 damage, and have 17/20 hp.
You now have 4/7 mp.
You're too confused to cast spells.
Unknown command.
Sigmund misses you. The quokka barely misses you.
In your confused state, you trip and fall back down the stairs.
The quokka bites you.
Sigmund hits you from afar with a scythe!
* * * LOW HITPOINT WARNING * * *
The quokka barely misses you.
You take 13 damage, and have 4/20 hp.
MASSIVE DAMAGE!!
The quokka bites you but does no damage.
In your confused state, you trip and fall back down the stairs.
* * * LOW HITPOINT WARNING * * *
Sigmund hits you from afar with a scythe.
You die...

########## ####
b........##...#
...............
...............
......r........
#.@.@.......
##..........
##...##...#
##### ###


You could see Sigmund, a quokka and a bat.

Vanquished Creatures
  A dart slug (D:1)
  A leopard gecko (D:1)
  A giant cockroach (D:1)
  A goblin (D:1)
  3 hobgoblins (D:1)
  6 kobolds (D:1)
  2 bats (D:1)
  A frilled lizard (D:1)
  5 rats (D:1)
21 creatures vanquished.

Notes
Turn   | Place    | Note
-------+----------+-------------------------------------------
     0 | D:1      | Monsterracer the Demigod Necromancer began the quest for the Orb.
     0 | D:1      | Reached XP level 1. HP: 14/14 MP: 5/5
   473 | D:1      | Reached XP level 2. HP: 19/20 MP: 4/7
   475 | D:1      | Reached skill level 4 in Necromancy
  1283 | D:2      | Noticed Sigmund
  1288 | D:2      | HP: 4/20 [Sigmund/scythe (8)]
  1290 | D:2      | Slain by Sigmund

Skill      XL: |  1  2 |
---------------+-------+-----
Spellcasting   | 2 |  2.1
Necromancy     | 4 |  4.2
Dodging        | |  1.7
Stealth        | |  1.7

Action                   || total
-------------------------++-------
Melee: Whip              ||     2
 Cast: Pain              ||    39
  Eat: Chunk             ||     1
Armor: Robe              ||     3
Dodge: Dodged            ||     9

Vault maps used:
D:1:      dpeg_arrival_boxorama
D:2:      nicolae_overflow_crystal_walls, patterned_corridor, uniq_sigmund,
          uniq_robin
